 Dungeon Crawl Stone Soup version 0.29.1-12-g30fa7ad0bf (webtiles) character file.

Game seed: 536776179146015087

10 oldriver the Vexing (level 2, -3/14 HPs)
             Began as a Vine Stalker Arcane Marksman on Dec 30, 2022.
             Succumbed to their own poison gas
             ... on level 1 of the Dungeon.
             The game lasted 00:01:05 (472 turns).

oldriver the Vexing (Vine Stalker Arcane Marksman)   Turns: 472, Time: 00:01:06

Health: -3/14      AC:  2    Str: 12    XL:     2   Next: 20%
Magic:  0/4        EV: 12    Int: 13    God:
Gold:   23         SH:  0    Dex: 14    Spells: 2/3 levels left

rFire   . . .      SeeInvis .   a - +1 sling
rCold   . . .      Faith    .   (no shield)
rNeg    . . .      Spirit   +   c - +0 robe
rPois   .          Reflect  .   (no helmet)
rElec   .          Harm     .   (no cloak)
rCorr   .          Rampage  .   (no gloves)
Will    .....                   (no boots)
Stlth   ++........              (no amulet)
HPRegen 0.04/turn               (no ring)
MPRegen 0.09/turn               (no ring)

@: lethally poisoned (-3 -> -21)
A: fangs 2, magic shield, antimagic bite, no potion heal 2
a: no special abilities


You were on level 1 of the Dungeon.
You visited 1 branch of the dungeon, and saw 1 of its levels.

You collected 23 gold pieces.

Inventory:

Hand Weapons
 a - a +1 sling (weapon)
 b - a +0 short sword
Armour
 c - a +0 robe (worn)


   Skills:
 + Level 1.1 Fighting
 * Level 2.1 Ranged Weapons
 - Level 1.5 Dodging
 * Level 1.4 Stealth
 - Level 1.1 Spellcasting
 - Level 3.0 Hexes


You had 2 spell levels left.
You knew the following spells:

 Your Spells              Type           Power      Damage    Failure   Level
a - Slow                  Hex            32%        N/A       9%          1

Your spell library contained the following spells:

 Spells                   Type           Power      Damage    Failure   Level
 Inner Flame              Hex/Fire       4%         N/A       41%         3
 Portal Projectile        Hex/Tloc       8%         N/A       41%         3
 Cause Fear               Hex            4%         N/A       63%         4


Dungeon Overview and Level Annotations

Branches:
Dungeon (1/15)

Altars:


Innate Abilities, Weirdness & Mutations

You have extremely sharp teeth.
When hurt, damage is shared between your health and your magic reserves.
Your bite disrupts and absorbs the magic of your enemies.
Potions cannot restore your health.


Message History

Really attack while wielding your +1 sling? [Y]es or [N]o only, please.
Really attack while wielding your +1 sling?
You clumsily bash the bat but do no damage.
Your bite misses the bat. The bat barely misses you.
The bat hits you but does no damage. The endoplasm freezes you.
You are frozen.
Unknown command.
The endoplasm attacks as you move away! The endoplasm closely misses you.
The bat barely misses you. The bat hits you but does no damage.
The goblin closely misses you. The endoplasm attacks as you move away!
The endoplasm barely misses you. The bat hits you but does no damage.
The goblin attacks as you move away! The goblin hits you with a +0 dagger.
The endoplasm jiggles.
You shoot a sling bullet.
The sling bullet closely misses the goblin.
The goblin closely misses you.
You shoot a sling bullet.
The sling bullet closely misses the goblin.
The sling bullet hits the kobold but does no damage.
The goblin hits you but does no damage. The goblin hits you with a +0 dagger.
You are too injured to fight recklessly!
You are too injured to fight recklessly!
You are too injured to fight recklessly!
The air fills with toxic fumes!
As you read the scroll of poison, it crumbles to dust.
The goblin hits you with a +0 dagger.
You barely miss the goblin. The goblin hits you with a +0 dagger.
* * * LOW HITPOINT WARNING * * *
You clumsily bash the goblin but do no damage.
The goblin hits you with a +0 dagger.
* * * LOW HITPOINT WARNING * * *
The goblin misses you.
Really stalk into that cloud of poison gas?
You are engulfed in poison gas.
You are lethally poisoned!
* * * LOW HITPOINT WARNING * * *
You die...

#.##..........#....^....
#.##>.....#..##.........
#.##........#.#.........
#.##.......#.........<..
#.####...#..#.#.........
#.##...#>#...##.........
##.##.###§#.#§§#.........
#..##.###§#§§§§##........
#.###.#§@§§§#..###.......
#.##..#.###....# ##......
#.##.##g# #.#..#######.##
####÷##†#gK###.........#
#.......#g###...........
#........§..b...........
#......§§§...#..#.##.###
#......§§§..g..?..# .#
#####.#§§#.###.#.## #


You could see 3 goblins and a kobold.

Vanquished Creatures
  A dart slug (D:1)
  A bat (D:1)
  A goblin (D:1)
  A kobold (D:1)
  4 ball pythons (D:1)
8 creatures vanquished.

Notes
Turn   | Place    | Note
-------+----------+-------------------------------------------
     0 | D:1      | oldriver the Vine Stalker Arcane Marksman began the quest
                  | for the Orb.
     0 | D:1      | Reached XP level 1. HP: 9/9 MP: 3/3
    31 | D:1      | Reached skill level 1 in Fighting
    99 | D:1      | Reached skill level 1 in Stealth
   102 | D:1      | Reached XP level 2. HP: 1/14 MP: 1/4
   472 | D:1      | Succumbed to their own poison gas

Illustrated notes

Levels and vault maps discovered:
D:1:      psy_arrival_dodecagon, layout_rooms,
          shapermc_ecumenical_altar_hornbeckon, minmay_surrounded

Skill      XL: |  1 |
---------------+----+-----
Fighting       | 1 |  1.1
Ranged Weapons | 2 |  2.1
Stealth        | 1 |  1.4
Dodging        | |  1.5
Spellcasting   | |  1.1
Hexes          | |  3.0

Action                   || total
-------------------------++-------
Melee: Short sword       ||     6
       Sling             ||     3
 Fire: Sling             ||    20
 Cast: Slow              ||     1
  Use: Scroll            ||     1
Armor: Robe              ||    10
Dodge: Dodged            ||    34
